AoeStats
← Dreadness

Arabia

511528878Analyzed
1v1 RM · 14d ago on Oct 5, 2026· 27m 10s· 2 players
Game mode
Random Map
Map size
Tiny (2 player)
Population
200
Speed
Normal
Resources
Standard
Victory
Conquest
Starting age
Dark Age
Ending age
Imperial Age
RankedLock teamsTeams togetherTeam positionsShared explorationLock speedFull tech treeHidden civsTurbo modeCheats
Victory
Defeat
🇨🇦 Saracens · Canada
1194
+15
vs
🇪🇸 Danes · Spain
1162
-15
Dreadness
6:04 Loom
8:39 Feudal Age
10:40 Double-Bit Axe
16:59 Fletching
22:29 Castle Age
21:15 Horse Collar
22:37 Crossbowman
23:14 Bodkin Arrow
SauloMagnus
5:20 Loom
9:43 Feudal Age
10:15 Double-Bit Axe
12:28 Arson
14:46 Man-at-Arms
24:39 Castle Age
25:23 Fletching
25:33 Padded Archer Armor
Connection lost

Rejoining the realm…

Still unreachable

The connection could not be restored.

Session expired

The server has moved on; the page needs a fresh start.